 Dungeon Crawl Stone Soup version 0.19-a0-958-gd69d43c (webtiles) character file.

25 HAL9000 the Ruffian (level 2, -2/23 HPs)
             Began as a Draconian Transmuter on July 11, 2016.
             Slain by a gnoll
             ... wielding a +0 spear
              (5 damage)
             ... on level 1 of the Dungeon.
             The game lasted 00:01:35 (593 turns).

HAL9000 the Ruffian (Draconian Transmuter)           Turns: 593, Time: 00:01:37

Health: -2/23      AC:  4    Str: 12    XL:     2   Next: 82%
Magic:  4/5        EV: 12    Int: 13    God:
Gold:   57         SH:  0    Dex: 11    Spells: 2 memorised, 2 levels left

rFire  . . .     SeeInvis .       - Unarmed
rCold  . . .     Gourm    .     (armour unavailable)
rNeg   . . .     Faith    .     (no shield)
rPois  +         Spirit   .     (helmet restricted)
rElec  .         Dismiss  .     (no cloak)
rCorr  .         Reflect  .     (no gloves)
SustAt .         Harm     .     (no boots)
MR     .....                    (no amulet)
Stlth  +.........               (no ring)
                                k - ring of poison resistance

@: appendage (expiring), not resistant to hostile enchantments, very unstealthy
A: unfitting armour, horns 2, cold-blooded, AC +4
a: End Transformation


You were on level 1 of the Dungeon.
You were not hungry.
You had grown temporary horns.
You visited 1 branch of the dungeon, and saw 1 of its levels.

You collected 57 gold pieces.

Inventory:

Missiles
 a - 34 arrows
Jewellery
 k - a ring of poison resistance (left hand)
Scrolls
 e - a scroll of fog {unknown}
 f - 3 scrolls of identify {unknown}
 h - a scroll of remove curse {unknown}
Potions
 j - a potion of curing {unknown}
Books
 b - a book of Changes

   Spells                             Type                      Level
   a - Beastly Appendage              Transmutation                1
   b - Sticks to Snakes               Transmutation                2
   c - Spider Form                    Transmutation/Poison         3
   d - Ice Form                       Ice/Transmutation            4
   e - Blade Hands                    Transmutation                5
Comestibles
 c - a bread ration
 g - a beef jerky


   Skills:
 - Level 1.1 Fighting
 - Level 1.7 Dodging
 + Level 3.6 Unarmed Combat
 - Level 2.0 Spellcasting
 + Level 2.6 Transmutations


You had 2 spell levels left.
You knew the following spells:

 Your Spells              Type           Power        Failure   Level  Hunger
a - Beastly Appendage     Tmut           #.....       10%         1    ##.....
b - Sticks to Snakes      Tmut           #.......     14%         2    ###....


Dungeon Overview and Level Annotations

Branches:
Dungeon (1/15)

Altars:
Nemelex Xobeh


Innate Abilities, Weirdness & Mutations

Your plain brown scales are hard. (AC +4)
Your body does not fit into most forms of armour.
You are cold-blooded and may be slowed by cold attacks.
You have a pair of horns on your head.


Message History

The gnoll shouts!
The gnoll is too close now for your liking.
A gnoll is nearby!
Casting: Beastly Appendage
Confirm with . or Enter, or press ? or * to list all spells.
You extend your transformation's duration.
The gnoll hits you from afar with a spear.
The gnoll hits you with a spear!
You hit the gnoll.
The gnoll is heavily wounded.
The gnoll hits you with a spear.
You barely miss the gnoll. You tail-slap the gnoll.
The gnoll is heavily wounded.
Your transformation is almost over.
The gnoll hits you with a spear.
* * * LOW HITPOINT WARNING * * *
Unknown command.
It was a potion of cure mutation.
It has a very clean taste.
The gnoll hits you with a spear.
You die...

#................#
#................#
####................#
....#.......†......##
....##.....##......##
....#########....#..## ....#
#####..#.##..########## ....#
...........>...........#
....###..#.....#@.....#########
# ...>....##.######g......### #
.........8.....8..........# #
....###..#.....#..........# #
....# #..#..<..#..........## #
##### #..#.....#...........# #
#..8.....8...........# #
#.######.##..........######
##..#.....#.................


You could see a gnoll.

Vanquished Creatures
  A gnoll (D:1)
  A giant gecko (D:1)
  2 giant cockroaches (D:1)
  4 hobgoblins (D:1)
  A kobold (D:1)
  2 bats (D:1)
  2 rats (D:1)
13 creatures vanquished.

Notes
Turn   | Place    | Note
-------+----------+-------------------------------------------
     0 | D:1      | HAL9000 the Draconian Transmuter began the quest for the Orb.
     0 | D:1      | Reached XP level 1. HP: 16/16 MP: 3/3
    53 | D:1      | Reached XP level 2. HP: 23/23 MP: 3/5
   142 | D:1      | Found a sparkling altar of Nemelex Xobeh.
   566 | D:1      | Learned a level 2 spell: Sticks to Snakes
   593 | D:1      | Slain by a gnoll

Vault maps used:
D:1:      scummos_arrival_simple_crosswalls, nemelex_diamond_rough_becter

Action                   || total
-------------------------++-------
Melee: Unarmed           ||    47
       Headbutt          ||     3
       Tailslap          ||     3
       Kick              ||     2
 Cast: Beastly Appendage ||     8
  Use: Potion            ||     1
Armor: Skin              ||    15
Dodge: Dodged            ||    41
